Map: Blackburn LE

Players

MeomaikA

  • Race: Zerg Zerg

Probe - Winner!

  • Race: Protoss Protoss

Event: DreamHack SC2 Masters 2021 Fall

VOD

Have the link to the VOD?

Description

Time

  • Played on: July 28, 2021, 4:39 a.m.
  • Length: 8:48

All games in this series

Show
View Real Time Build Order
Export as new Build Order

MeomaikA Zerg 

Build Orders: Hatch First 

Get SALT Encoding   

  12  0:01  Drone  
  13  0:08  Drone  
  14  0:16  Overlord  
  14  0:25  Extractor, Drone  
  15  0:35  Drone x2  
  17  0:53  Hatchery  
  17  0:56  Drone  
  17  1:09  Spawning Pool  
  16  1:12  Drone  
  16  1:15  Extractor  
  16  1:17  Drone  
  17  1:22  Drone  
  18  1:31  Drone  
  19  1:39  Overlord  
  19  1:56  Queen, Zergling x2  
  22  2:05  Queen, Drone x2  
  26  2:10  Drone  
  27  2:16  Drone  
  27  2:19  Metabolic Boost  
  28  2:28  Drone x2  
  30  2:32  Zergling x2  
  31  2:37  Zergling x2  
  31  2:42  Zergling x2  
  33  2:48  Zergling x2  
  34  2:54  Zergling x2  
  35  3:03  Drone  
  35  3:07  Drone  
  35  3:08  Hatchery, Drone  
  35  3:12  Overlord  
  35  3:13  Overlord  
  35  3:22  Overlord  
  35  3:23  Lair  
  35  3:27  Spore Crawler, Drone  
  34  3:30  Spore Crawler  
  34  3:31  Drone x2  
  34  3:33  Drone  
  37  3:35  Drone  
  37  3:39  Extractor  
  37  3:41  Drone x2  
  38  3:45  Drone x2  
  40  3:48  Drone  
  40  3:55  Drone x3  
  43  3:57  Drone  
  45  4:06  Zergling x4  
  45  4:08  Zergling x2  
  48  4:13  Drone  
  48  4:16  Drone x2  
  51  4:17  Overlord  
  51  4:27  Spore Crawler, Hydralisk Den  
  51  4:28  Zergling x8  
  51  4:29  Drone  
  51  4:31  Queen  
  56  4:33  Drone  
  56  4:36  Drone x2  
  56  4:43  Drone x3  
  58  4:47  Drone x2  
  58  4:48  Drone  
  58  4:49  Overlord  
  61  4:53  Overlord  
  54  5:08  Zergling x12  
  54  5:09  Muscular Augments  
  54  5:11  Zergling x2  
  59  5:20  Hydralisk x4  
  67  5:21  Hydralisk  
  67  5:24  Zergling x4  
  67  5:25  Extractor  
  70  5:33  Drone  
  70  5:35  Overlord  
  71  5:36  Drone  
  71  5:39  Drone x2  
  71  5:41  Overlord x2  
  74  5:44  Overlord  
  73  5:54  Overlord  
  73  5:55  Hydralisk x4  
  73  5:57  Zergling x2  
  82  5:58  Overlord  
  82  6:01  Drone x2  
  83  6:07  Zergling x2  
  83  6:08  Zergling x4  
  83  6:10  Hydralisk  
  86  6:13  Overlord  
  86  6:16  Hydralisk  
  88  6:19  Zergling x8  
  88  6:20  Grooved Spines  
  88  6:23  Overlord  
  91  6:26  Hydralisk  
  91  6:27  Hydralisk  
  91  6:28  Overlord  
  91  6:30  Hydralisk  
  97  6:37  Hydralisk  
  97  6:39  Zergling x10  
  104  6:45  Drone  
  104  6:46  Drone x2  
  107  6:48  Extractor  
  107  6:50  Overlord  
  107  6:51  Drone x2  
  106  7:01  Hatchery  
  105  7:03  Drone x4  
  105  7:04  Drone  
  105  7:06  Drone x3  
  105  7:07  Drone  
  114  7:12  Hydralisk x2  
  114  7:15  Hydralisk  
  117  7:16  Hydralisk  
  117  7:22  Drone x4  
  125  7:26  Hydralisk  
  127  7:30  Hydralisk  
  127  7:35  Hydralisk  
  125  7:40  Zergling x8  
  125  7:41  Zergling x6  
  125  7:43  Zergling x2  
  132  7:50  Zergling x8  
  136  7:53  Zergling x2  
  136  7:57  Zergling x2  
  136  7:59  Zergling x2  
  136  8:03  Hydralisk  
  139  8:09  Hydralisk x5  
  149  8:17  Overlord, Hydralisk x3  
  155  8:24  Hydralisk  
Show
View Real Time Build Order
Export as new Build Order

Probe Protoss - Winner!

Build Orders: 1 Gate Expand, Oracle Opening 

Get SALT Encoding   

  12  0:00  Probe  
  13  0:12  Probe  
  14  0:19  Pylon  
  14  0:24  Probe  
  15  0:38  Probe (Chrono Boost)  
  15  0:40  Gateway  
  16  0:47  Probe (Chrono Boost)  
  17  0:50  Assimilator  
  17  0:52  Probe (Chrono Boost)  
  19  1:04  Probe  
  19  1:16  Probe  
  20  1:27  Nexus  
  20  1:38  Cybernetics Core  
  20  1:40  Probe  
  21  1:47  Assimilator  
  21  1:52  Probe  
  22  1:55  Pylon  
  22  2:04  Probe  
  23  2:12  Adept (Chrono Boost)  
  23  2:13  Probe  
  25  2:21  Probe  
  26  2:24  Stargate  
  27  2:32  Probe (Chrono Boost)  
  27  2:33  Warp Gate  
  28  2:37  Adept  
  28  2:39  Probe (Chrono Boost)  
  32  2:48  Probe x2 (Chrono Boost)  
  33  2:53  Probe (Chrono Boost)  
  33  2:55  Probe  
  36  3:07  Void Ray (Chrono Boost), Probe  
  36  3:08  Shield Battery  
  37  3:17  Gateway  
  37  3:18  Probe  
  39  3:20  Probe  
  40  3:30  Pylon, Probe  
  40  3:32  Probe  
  42  3:41  Oracle (Chrono Boost)  
  42  3:42  Gateway, Probe  
  47  3:48  Probe  
  47  3:54  Probe  
  48  3:56  Pylon  
  48  4:00  Probe  
  49  4:06  Assimilator, Probe  
  49  4:07  Assimilator  
  49  4:08  Stargate  
  50  4:12  Probe  
  51  4:18  Probe  
  51  4:22  Adept x2  
  56  4:24  Probe  
  56  4:25  Pylon  
  56  4:30  Probe  
  58  4:36  Probe  
  58  4:37  Void Ray  
  59  4:42  Probe  
  64  4:49  Probe  
  64  4:51  Nexus, Void Ray (Chrono Boost)  
  64  4:52  Pylon  
  65  4:54  Probe  
  70  5:02  Pylon  
  70  5:06  Probe  
  69  5:08  Pylon x2  
  69  5:10  Shield Battery  
  69  5:13  Probe  
  70  5:15  Void Ray (Chrono Boost)  
  70  5:18  Probe  
  70  5:20  Pylon  
  71  5:25  Probe  
  76  5:30  Probe  
  76  5:35  Forge  
  77  5:37  Pylon, Probe  
  78  5:43  Probe  
  78  5:47  Zealot x2  
  78  5:49  Probe  
  84  5:53  Shield Battery  
  84  5:55  Probe  
  85  6:02  Probe  
  83  6:05  Robotics Facility  
  83  6:07  Probe  
  83  6:08  Photon Cannon  
  83  6:10  Protoss Air Weapons Level 1, Photon Cannon  
  84  6:17  Photon Cannon  
  84  6:18  Shield Battery  
  84  6:20  Probe x2  
  84  6:22  Probe  
  87  6:27  Void Ray (Chrono Boost)  
  87  6:32  Photon Cannon  
  87  6:33  Photon Cannon  
  87  6:34  Shield Battery  
  91  6:43  Sentry x2, Void Ray (Chrono Boost)  
  99  6:47  Pylon  
  99  6:55  Observer (Chrono Boost)  
  99  6:57  Robotics Bay  
  99  6:59  Pylon  
  99  7:00  Probe x2  
  99  7:01  Assimilator  
  102  7:05  Assimilator  
  102  7:10  Photon Cannon, Void Ray  
  102  7:11  Adept  
  102  7:12  Shield Battery  
  102  7:13  Photon Cannon  
  102  7:14  Observer  
  105  7:20  Probe x2  
  111  7:23  Pylon, Photon Cannon  
  111  7:32  Void Ray  
  111  7:36  Zealot x2  
  115  7:41  Disruptor (Chrono Boost)  
  122  7:52  Shield Battery  
  122  7:53  Probe x2  
  124  7:59  Shield Battery  
  124  8:01  Probe  
  124  8:05  Probe  
  122  8:07  Stargate  
  122  8:09  Disruptor  
  122  8:10  Fleet Beacon, Photon Cannon, Shield Battery  
  122  8:11  Pylon  
  125  8:14  Adept  
  125  8:15  Adept  

Tags
 
Add a new tag
Caveats
  • Supply blocks, unpowered buildings, or Contaminate may cause inaccurate times.
  • Supply counts are checked every 10 seconds.